 Dungeon Crawl Stone Soup version 0.29-a0-360-g8ed1089bbe (webtiles) character file.

Game seed: 14112611385527668287

8 klau3 the Skirmisher (level 2, 0/27 HPs)
             Began as a Minotaur Berserker on Apr 28, 2022.
             Was a Follower of Trog.
             Slain by a jackal (1 damage)
             ... on level 1 of the Dungeon.
             The game lasted 00:01:11 (153 turns).

klau3 the Skirmisher (Minotaur Berserker)            Turns: 153, Time: 00:01:11

Health: 0/27       AC:  2    Str: 21    XL:     2   Next: 0%
Magic:  1/1        EV: 12    Int:  4    God:    Trog [*.....]
Gold:   18         SH:  0    Dex:  9    Spells: 1/1 levels left

rFire   . . .      SeeInvis .   a - +0 falchion
rCold   . . .      Faith    .   (no shield)
rNeg    . . .      Spirit   .   b - +0 animal skin
rPois   .          Reflect  .   (helmet restricted)
rElec   .          Harm     .   (no cloak)
rCorr   .          Rampage  .   (no gloves)
Will    .....                   (no boots)
Stlth   +.........              (no amulet)
HPRegen 0.09/turn               (no ring)
MPRegen 0.07/turn               (no ring)

@: no status effects
A: horns 2, retaliatory headbutt
a: Renounce Religion, Berserk


You were on level 1 of the Dungeon.
You worshipped Trog.
Trog was aware of your devotion.
You visited 1 branch of the dungeon, and saw 1 of its levels.

You collected 18 gold pieces.

Inventory:

Hand Weapons
 a - a +0 falchion (weapon)
Armour
 b - a +0 animal skin (worn)
Scrolls
 d - a scroll of identify {unknown}
Potions
 c - a potion of cancellation {unknown}


   Skills:
 + Level 3.9 Fighting
 + Level 3.8 Long Blades
 + Level 2.6 Armour
 + Level 2.3 Dodging


You had one spell level left.
You didn't know any spells.
Your spell library was empty.

Dungeon Overview and Level Annotations

Branches:
Dungeon (1/15)

Altars:
Lugonu

Portals:
Abyss: D:1


Innate Abilities, Weirdness & Mutations

You have a pair of horns on your head.
You reflexively headbutt those who attack you in melee.


Message History

The goblin shouts!
The jackal barks!
The jackal barely misses you. The jackal completely misses you.
The jackal bites you but does no damage.
The jackal bites you.
You closely miss the jackal.
The jackal is moderately wounded.
The jackal bites you.
You hit the jackal.
You kill the jackal!
Trog accepts your kill. The jackal bites you.
You hit the jackal but do no damage. You headbutt the jackal.
You kill the jackal!
Trog accepts your kill. The jackal bites you. x2
* * * LOW HITPOINT WARNING * * *
You barely miss the jackal. You hit the jackal. You headbutt the jackal.
You kill the jackal!
Trog accepts your kill. The jackal barely misses you.
The jackal closely misses you.
You have reached level 2!
You closely miss the jackal. The jackal closely misses you.
The goblin hits you with a +0 club.
* * * LOW HITPOINT WARNING * * *
You barely miss the jackal. The jackal barely misses you.
The goblin barely misses you. The jackal barely misses you.
You furiously retaliate!
You headbutt the jackal. You closely miss the goblin.
The jackal closely misses you. The goblin misses you.
You closely miss the jackal.
The jackal is almost dead.
The jackal bites you.
* * * LOW HITPOINT WARNING * * *
The goblin hits you with a +0 club.
* * * LOW HITPOINT WARNING * * *
The jackal barely misses you.
You barely miss the goblin. The goblin closely misses you.
The jackal bites you.
You die...

..8.#.#sK..#.....#
..#####J5..#...#.# .#
...## 55..#..)#.###.#
....########...#.....#
...............#.....#
#...⌠....###...#.#.###
†#.............#.#.#
...............#.#J#
################@g#.
#h#J...$.. #.##......
#.# .....! #.. .>...
### ..... .... ....


You could see 2 endoplasms, a jackal and a goblin.

Vanquished Creatures
  3 jackals (D:1)
  A quokka (D:1)
  A bat (D:1)
  A goblin (D:1)
  2 rats (D:1)
8 creatures vanquished.

Notes
Turn   | Place    | Note
-------+----------+-------------------------------------------
     0 | D:1      | klau3 the Minotaur Berserker began the quest for the Orb.
     0 | D:1      | Reached XP level 1. HP: 19/19 MP: 0/0
    71 | D:1      | Found a one-way gate to the infinite horrors of the Abyss.
    71 | D:1      | Found a corrupted altar of Lugonu.
    71 | D:1      | Noticed a quasit
    71 | D:1      | Noticed a quasit
    71 | D:1      | Noticed a quasit
    71 | D:1      | Noticed a quasit
    72 | D:1      | Noticed a demonic crawler
    72 | D:1      | Noticed an iron imp
    75 | D:1      | Noticed an iron imp
    76 | D:1      | Noticed a demonic crawler
    78 | D:1      | Noticed an iron imp
   149 | D:1      | Reached XP level 2. HP: 7/27 MP: 1/1
   152 | D:1      | HP: 1/27 [goblin/+0 club (1)]
   153 | D:1      | Slain by a jackal

Illustrated notes

Levels and vault maps discovered:
D:1:      erik_arrival_cave_to_civilisation [erik_arrival_cave_to_temple],
          layout_basic, st_stairs_4, roderic_serpentine_path,
          minmay_tetromino_o2

Action                   || total
-------------------------++-------
Melee: Falchion          ||    18
       Headbutt          ||     4
Armor: Animal skin       ||     3
Dodge: Dodged            ||    21

Table legend: (Time is in decaauts)
 A = Elapsed time spent in this place.
 B = Non-inter-level travel time spent in this place.
 C = Inter-level travel time spent in this place.
 D = Time resting spent in this place.
 E = Time spent auto-exploring this place.
 F = Levels seen in this place.
 G = Mean time per level.
                   A        B        C        D        E       F      G
               +--------+--------+--------+--------+--------+-----+--------+
         Total |    154 |    152 |      2 |      0 |      8 |   1 |  154.0 |
       Dungeon |    154 |    152 |      2 |      0 |      8 |   1 |  154.0 |
               +--------+--------+--------+--------+--------+-----+--------+

Top non-repeatable levels by time:
     D:1: 154 daAuts
